 Dungeon Crawl Stone Soup version 0.17-b1-18-g553e9fc (webtiles) character file.

56 ReteAZ the Firebug (level 3, -7/28 HPs)
             Began as a Naga Fire Elementalist on Nov 4, 2015.
             Mangled by Crazy Yiuf
             ... wielding a +3 quarterstaff of chaos
              (12 damage)
             ... on level 2 of the Dungeon.
             The game lasted 00:07:38 (930 turns).

ReteAZ the Firebug (Naga Fire Elementalist)          Turns: 930, Time: 00:07:38

Health: -7/28      AC:  5    Str: 10    XL:     3   Next: 97%
Magic:  0/7        EV: 10    Int: 16    God:
Gold:   37         SH:  0    Dex: 11    Spells: 2 memorised, 4 levels left

rFire  . . .     SeeInvis +     e - +0 hand axe
rCold  . . .     Clarity  .     a - +0 robe
rNeg   . . .     SustAt   .     (no shield)
rPois  +         Gourm    .     i - +2 helmet
rElec  .         Spirit   .     (no cloak)
rCorr  .         Warding  .     (no gloves)
rMut   .         Stasis   .     (no barding)
MR     .....                    (no amulet)
Stlth  ++........               (no ring)
                                (no ring)

@: short of breath, slowed, very slow, not resistant to hostile enchantments,
unstealthy
A: see invisible, deformed body, poison resistance, slowness 2, slow metabolism
1, spit poison 2, AC +1
a: Spit Poison


You were on level 2 of the Dungeon.
You were hungry.

You visited 1 branch of the dungeon, and saw 2 of its levels.

You collected 37 gold pieces.

Inventory:

Hand Weapons
 e - a +0 hand axe (weapon)
Armour
 a - a +0 robe (worn)
 i - a +2 helmet (worn)
Scrolls
 g - a scroll of random uselessness {unknown}
 j - a scroll of identify {unknown}
 l - a scroll of amnesia {unknown}
 m - a scroll of immolation {unknown}
Potions
 f - a potion of ambrosia {unknown}
 h - a potion of agility {unknown}
 k - a potion of heal wounds
 n - 2 potions of curing {unknown}
 o - a potion of invisibility {unknown}
Books
 b - a book of Flames

   Spells                             Type                      Level
   a - Flame Tongue                   Conjuration/Fire             1
   b - Throw Flame                    Conjuration/Fire             2
   c - Conjure Flame                  Conjuration/Fire             3
   d - Inner Flame                    Hexes/Fire                   3
   e - Sticky Flame                   Conjuration/Fire             4
   f - Fireball                       Conjuration/Fire             5
Comestibles
 c - 4 bread rations


   Skills:
 - Level 1.7 Dodging
 - Level 3.0 Stealth
 + Level 2.7 Spellcasting
 + Level 2.0 Conjurations
 + Level 3.6 Fire Magic


You had 4 spell levels left.
You knew the following spells:

 Your Spells              Type           Power        Failure   Level  Hunger
a - Flame Tongue          Conj/Fire      ##...        8%          1    #......
b - Throw Flame           Conj/Fire      ##....       10%         2    ##.....


Dungeon Overview and Level Annotations

Branches:
Dungeon (2/15)

Altars:
Elyvilon

Annotations:
D:2 Crazy Yiuf, Natasha


Innate Abilities, Weirdness & Mutations

You cannot wear boots.
Your serpentine skin is tough (AC +1).
You have supernaturally acute eyesight.
Armour fits poorly on your strangely shaped body.
Your system is resistant to poisons.
You cover ground very slowly.
You have a slow metabolism.
You can spit poison.


Message History

Press: ? - help, Shift-Dir - straight line, f/p - Crazy Yiuf
Aim: Crazy Yiuf, wielding a quarterstaff of chaos and wearing a cloak (heavily wounded)
The splash of poison hits Crazy Yiuf.
Crazy Yiuf appears unharmed.
Crazy Yiuf is heavily wounded.
You feel slightly more hungry. Crazy Yiuf closely misses you.
Casting: Flame Tongue
Confirm with . or Enter, or press ? or * to list all spells.
Aiming: Flame Tongue
Press: ? - help, Shift-Dir - straight line, f/p - Crazy Yiuf
Aim: Crazy Yiuf, wielding a quarterstaff of chaos and wearing a cloak (heavily wounded)
The flame tongue hits Crazy Yiuf.
Crazy Yiuf is severely wounded.
Crazy Yiuf hits you with a quarterstaff of chaos.
You feel yourself slow down.
You hit Crazy Yiuf but do no damage.
Crazy Yiuf is severely wounded.
Crazy Yiuf hits you with a quarterstaff of chaos.
* * * LOW HITPOINT WARNING * * *
Crazy Yiuf hits you with a quarterstaff of chaos!
You die...

....####'..'###...........
.#.. #....# #.......... #.
#.#..# #....#... ##...#
#.####... ##.## ### ..
##.# #.## ##.# #@## #g#
... #...# #)..# #####


You could see Crazy Yiuf.

Vanquished Creatures
  Natasha (D:2)
  An adder (D:2)
  A giant gecko (D:1)
  2 giant cockroaches (D:1)
  4 hobgoblins
  A ball python (D:2)
  3 bats (D:1)
  2 giant newts (D:1)
  4 goblins
  2 kobolds
  A rat (D:1)
22 creatures vanquished.

Notes
Turn   | Place    | Note
--------------------------------------------------------------
     0 | D:1      | ReteAZ the Naga Fire Elementalist began the quest for the Orb.
     0 | D:1      | Reached XP level 1. HP: 15/15 MP: 3/3
   227 | D:1      | Reached XP level 2. HP: 22/22 MP: 3/5
   231 | D:1      | Learned a level 2 spell: Throw Flame
   559 | D:2      | Found a white marble altar of Elyvilon.
   578 | D:2      | Reached XP level 3. HP: 28/28 MP: 2/6
   581 | D:2      | Noticed Natasha
   660 | D:2      | Killed Natasha
   761 | D:2      | Noticed Natasha
   920 | D:2      | Noticed Crazy Yiuf
   930 | D:2      | Mangled by Crazy Yiuf

Action                   || total
-------------------------++-------
Melee: Hand axe          ||    18
 Cast: Flame Tongue      ||    27
       Throw Flame       ||     2
 Abil: Spit Poison       ||    14
